 Dungeon Crawl Stone Soup version 0.31-a0-1074-g0b22e4e0f1 (webtiles) character file.

Game seed: 6866654369729260716

1109 wildpjah the Covered (level 8, -2/64 HPs)
             Began as a Formicid Fighter on Nov 26, 2023.
             Slain by an iguana (6 damage)
             ... on level 5 of the Dungeon.
             The game lasted 00:06:35 (4117 turns).

wildpjah the Covered (Formicid Fighter)             Turns: 4117, Time: 00:06:36

Health: -2/64      AC: 12    Str: 22    XL:     8   Next: 59%
Magic:  8/8        EV:  7    Int:  9    God:
Gold:   238        SH:  5    Dex: 13    Spells: 7/7 levels left

rFire   . . .        a - +0 quarterstaff
rCold   . . .        c - +0 buckler
rNeg    . . .        D - +0 plate armour
rPois   .            (helmet unavailable)
rElec   .            v - +2 cloak
rCorr   .            (no gloves)
SInv    +            (no boots)
Will    +....        (no amulet) Stlth
                     F - ring of willpower
HPRegen 0.30/turn    (no ring)
MPRegen 0.11/turn

%: no passive effects
@: corroded
A: permanent stasis, dig shafts and tunnels, antennae 3, four strong arms
a: Dig, Shaft Self


You were on level 5 of the Dungeon.
You visited 1 branch of the dungeon, and saw 5 of its levels.

You collected 238 gold pieces.

Inventory:

Hand Weapons
 a - a +0 quarterstaff (weapon)
 e - a +0 mace of holy wrath
Missiles
 w - 2 throwing nets
Armour
 c - a +0 buckler (worn)
 v - a +2 cloak (worn)
 D - a +0 plate armour (worn)
Jewellery
 y - the ring "Xuihypp" {rCorr Str-3 Int+4 Dex+2}
   (You found it on level 4 of the Dungeon)

   [ring of resist corrosion]

   Str-3:     It affects your strength (-3).
   Int+4:     It affects your intelligence (+4).
   Dex+2:     It affects your dexterity (+2).
   rCorr:     It protects you from acid and corrosion.
 F - a ring of willpower (left hand)
Wands
 E - a wand of quicksilver (8)
Scrolls
 b - a scroll of fog {unknown}
 f - a scroll of poison {unknown}
 g - a scroll of identify {unknown}
 i - a scroll of butterflies {unknown}
 j - 4 scrolls of fear {unknown}
 k - a scroll of noise {unknown}
 m - a scroll of vulnerability {unknown}
 n - a scroll of immolation {unknown}
 p - a scroll of blinking {unknown}
 q - 2 scrolls of amnesia {unknown}
 x - a scroll of torment {unknown}
 C - a scroll of teleportation {unknown}
Potions
 d - a potion of might
 h - 2 potions of magic {unknown}
 l - a potion of ambrosia {unknown}
 o - 3 potions of curing {unknown}
 r - a potion of degeneration {unknown}
 s - 3 potions of enlightenment {unknown}
 t - a potion of mutation {unknown}
 u - a potion of heal wounds {unknown}
 z - a potion of cancellation {unknown}
 A - 2 potions of lignification {unknown}
 B - a potion of brilliance {unknown}


   Skills:
 + Level 6.2 Fighting
 - Level 2.8 Staves
 + Level 0.3 Throwing
 + Level 6.9 Armour
 + Level 2.7 Dodging
 + Level 2.2 Stealth
 + Level 6.6 Shields


You had 7 spell levels left.
You didn't know any spells.
Your spell library contained the following spells:

 Spells                   Type           Power      Damage    Failure   Level
 Magic Dart               Conj           0%         1d3       100%        1
 Searing Ray              Conj           0%         2d4       100%        2
 Gell's Gravitas          Tloc           0%         N/A       100%        3
 Teleport Other           Tloc           0%         N/A       100%        3
 Fulminant Prism          Conj/Hex       0%         3d5       100%        4
 Dispersal                Tloc           0%         N/A       100%        6


Dungeon Overview and Level Annotations

Branches:
Dungeon (5/15)
 Temple: D:4-7

Altars:
Dithmenos
Nemelex Xobeh
Zin


Innate Abilities, Weirdness & Mutations

You cannot be hasted, slowed, berserked, paralysed or teleported.
You can dig through walls and to a lower floor.
You have a pair of large antennae on your head. (SInv)
Your four strong arms can wield two-handed weapons with a shield.


Message History

You sock the iguana!
The iguana is almost dead.
The iguana bites you but does no damage.
The iguana bites you.
* * * LOW HITPOINT WARNING * * *
You hit the iguana.
You kill the iguana!
The iguana barely misses you.
You hit the iguana but do no damage. You block the iguana's attack.
The jelly hits you but does no damage.
You hit the jelly. The acid corrodes you!
Your hands burn!
* * * LOW HITPOINT WARNING * * *
The jelly is moderately wounded.
The iguana bites you but does no damage.
The jelly hits you but does no damage.
You sock the jelly!
You kill the jelly!
The iguana bites you.
* * * LOW HITPOINT WARNING * * *
You barely miss the iguana. The iguana bites you.
* * * LOW HITPOINT WARNING * * *
You hit the iguana.
The iguana is moderately wounded.
The iguana bites you but does no damage.
The iguana barely misses you.
You hit the iguana but do no damage.
The iguana is moderately wounded.
You block the iguana's attack.
You hit the iguana.
The iguana is severely wounded.
The sentinel's mark upon you fades away.
The iguana bites you.
* * * LOW HITPOINT WARNING * * *
You closely miss the iguana.
The iguana is severely wounded.
You block the iguana's attack.
You hit the iguana but do no damage.
The iguana is severely wounded.
The iguana bites you.
You die...

.... ...#
... ....# ..
....#. #.#
#.....
..##...# .
#.#....# ..
#l.....##..
#.@......#
##......##
#....###
#...#.##
......##..##
##...#
##..#### #.
... #....
##....###..
...# ##..#
##.......#
...# #..#
##.......##


You could see an iguana.

Vanquished Creatures
  Grinder (D:5)
  Menkaure (D:3)
  An ogre (D:4)
  A kobold brigand (D:4)
  A bullfrog (D:5)
  A scorpion (D:2)
  3 jellies
  4 hounds (D:5)
  2 iguanas (D:5)
  Natasha (thrice) (D:2)
  6 gnolls
  3 adders
  A shadow imp (D:5)
  A white imp (D:4)
  2 ufetubi (D:5)
  3 dart slugs
  6 orcs
  2 bats
  4 endoplasms
  4 giant cockroaches
  2 goblins
  11 hobgoblins
  7 jackals
  5 kobolds
  6 quokkas
  7 ball pythons
  4 frilled lizards
  3 rats
95 creatures vanquished.

Notes
Turn   | Place    | Note
-------+----------+-------------------------------------------
     0 | D:1      | wildpjah the Formicid Fighter began the quest for the Orb.
     0 | D:1      | Reached XP level 1. HP: 18/18 MP: 1/1
   156 | D:1      | Reached XP level 2. HP: 24/24 MP: 2/2
   395 | D:1      | Reached XP level 3. HP: 26/29 MP: 3/3
   907 | D:2      | Noticed a scorpion
   914 | D:2      | Killed a scorpion
   915 | D:2      | Reached XP level 4. HP: 32/37 MP: 4/4
   915 | D:2      | Reached XP level 5. HP: 36/42 MP: 5/5
   941 | D:2      | Noticed Natasha
   945 | D:2      | Killed Natasha
   946 | D:2      | Reached skill level 1 in Dodging
   969 | D:2      | Noticed Natasha
   979 | D:2      | Killed Natasha
   980 | D:2      | Reached skill level 5 in Shields
  1214 | D:2      | Noticed Natasha
  1218 | D:2      | Killed Natasha
  1371 | D:2      | Reached XP level 6. HP: 49/49 MP: 6/6
  1777 | D:3      | Reached skill level 1 in Stealth
  2287 | D:4      | Noticed Menkaure
  2294 | D:3      | Killed Menkaure
  2295 | D:3      | Reached skill level 5 in Fighting
  2295 | D:3      | Reached skill level 5 in Armour
  2295 | D:3      | Reached XP level 7. HP: 15/56 MP: 7/7
  2925 | D:4      | Identified the ring "Xuihypp" {rCorr Str-3 Int+4 Dex+2}
  2988 | D:4      | Found a sparkling altar of Nemelex Xobeh.
  3234 | D:5      | Entered Level 5 of the Dungeon
  3428 | D:5      | Reached XP level 8. HP: 57/63 MP: 8/8
  3464 | D:5      | Found a glowing silver altar of Zin.
  3647 | D:5      | Found a shadowy altar of Dithmenos.
  3647 | D:5      | Noticed Grinder
  3669 | D:5      | Killed Grinder
  4112 | D:5      | HP: 3/64 [iguana (6)]
  4117 | D:5      | Slain by an iguana

Illustrated notes

Levels and vault maps discovered:
D:1:      ldierk_walled_garden, layout_loops_ring
D:2:      layout_basic, kennysheep_generic_room_9, uniq_natasha
D:3:      layout_rooms
D:4:      layout_basic, nemelex_diamond_rough_becter, uniq_menkaure
D:5:      layout_layer_cave, nicolae_dithmenos_shadow_blocks,
          lemuel_crystal_altar, nicolae_elyvilon_temple_path, uniq_grinder

Skill      XL: |  1  2  3  4  5  6  7  8 |
---------------+-------------------------+-----
Fighting       | 4 5 6 |  6.2
Armour         | 4 5 6 |  6.9
Dodging        | 1 2 |  2.7
Shields        | 5 6 |  6.6
Stealth        | 1 2 |  2.2
Staves         | |  2.8
Throwing       | |  0.3

Action                     |  1- 3 |  4- 6 |  7- 9 || total
---------------------------+-------+-------+-------++-------
  Melee: Quarterstaff      |    49 |   122 |   139 ||   310
  Throw: Stone             |     5 |       |       ||     5
 Armour: Scale mail        |    26 |    59 |    36 ||   121
         Plate armour      |       |       |   131 ||   131
  Dodge: Dodged            |    23 |    52 |    78 ||   153
  Block: Buckler           |    13 |    18 |    57 ||    88

Table legend: (Time is in decaauts)
 A = Elapsed time spent in this place.
 B = Non-inter-level travel time spent in this place.
 C = Inter-level travel time spent in this place.
 D = Time resting spent in this place.
 E = Time spent auto-exploring this place.
 F = Levels seen in this place.
 G = Mean time per level.
                   A        B        C        D        E       F      G
               +--------+--------+--------+--------+--------+-----+--------+
         Total |   4180 |   4050 |    130 |    140 |   3164 |   5 |  836.0 |
       Dungeon |   4180 |   4050 |    130 |    140 |   3164 |   5 |  836.0 |
               +--------+--------+--------+--------+--------+-----+--------+

Top non-repeatable levels by time:
     D:2: 1003 daAuts
     D:5: 896 daAuts
     D:4: 811 daAuts
     D:1: 791 daAuts
     D:3: 677 daAuts
